 Dungeon Crawl Stone Soup version 0.28-a0-1493-g08698888e4 (webtiles) character file.

Game seed: 7081509175007017606

71 porpoise the Insei (level 4, -4/34 HPs)
             Began as a Demonspawn Transmuter on Jan 13, 2022.
             Slain by a black bear (7 damage)
             ... on level 6 of the Dungeon.
             The game lasted 00:05:02 (2323 turns).

porpoise the Insei (Demonspawn Transmuter)          Turns: 2323, Time: 00:05:02

Health: -4/34      AC:  9    Str: 13    XL:     4   Next: 5%
Magic:  6/7        EV: 10    Int: 14    God:
Gold:   60         SH:  4    Dex: 13    Spells: 6/7 levels left

rFire   . . .      SeeInvis .   a - +1 short sword (elec)
rCold   . . .      Faith    .   (no shield)
rNeg    . . .      Spirit   .   d - +4 ring mail
rPois   .          Reflect  .   (helmet currently unavailable)
rElec   .          Harm     .   (no cloak)
rCorr   .          Rampage  .   (no gloves)
Will    .....                   (boots currently unavailable)
Stlth   +.........              (no amulet)
HPRegen 0.11/turn               (no ring)
MPRegen 0.10/turn               (no ring)

@: appendages (expiring)
A: horns 2, talons 2, condensation shield
a: End Transformation


You were on level 6 of the Dungeon.
You had temporarily grown beastly horns and talons.
You visited 1 branch of the dungeon, and saw 4 of its levels.

You collected 60 gold pieces.

Inventory:

Hand Weapons
 a - a +1 short sword of electrocution (weapon)
 b - a +0 hunting sling
 m - a +0 short sword of flaming
 n - a +0 dagger of venom
Missiles
 c - 41 bolts
 e - 102 stones
 f - 6 arrows
 k - 14 poisoned darts (quivered)
Armour
 d - a +4 ring mail (worn)
 j - a +0 robe
 p - a +0 helmet (melded)
Scrolls
 i - a scroll of identify {unknown}
 l - a scroll of enchant weapon {unknown}
 o - a scroll of vulnerability {unknown}
Potions
 g - a potion of haste {unknown}
 h - a potion of flight {unknown}
 q - a potion of degeneration {unknown}


   Skills:
 * Level 2.5 Fighting
 - Level 1.7 Dodging
 + Level 1.3 Stealth
 * Level 3.5 Unarmed Combat
 - Level 2.0 Spellcasting
 - Level 1.7 Transmutations


You had 6 spell levels left.
You knew the following spells:

 Your Spells              Type           Power      Damage    Failure   Level
a - Beastly Appendage     Tmut           12%        N/A       26%         1

Your spell library contained the following spells:

 Spells                   Type           Power      Damage    Failure   Level
 Sting                    Tmut/Pois      12%        1d3       36%         1
 Wereblood                Tmut           6%         N/A       36%         2
 Corpse Rot               Necr/Air       2%         N/A       61%         2
 Poisonous Vapours        Pois/Air       2%         N/A       61%         2
 Spider Form              Tmut/Pois      3%         N/A       73%         3
 Ice Form                 Ice/Tmut       3%         N/A       98%         4
 Olgreb's Toxic Radiance  Pois           1%         N/A       99%         4


Dungeon Overview and Level Annotations

Branches:
Dungeon (3/15)

Altars:
Ashenzari

Shops:
D:2 !


Innate Abilities, Weirdness & Mutations

You have temporarily grown beastly horns and talons.
A meltable shield of frost defends you. (SH +4)


Message History

You block the black bear's attack. The black bear closely misses you. x2
You barely miss the black bear. You claw the black bear.
You headbutt the black bear.
The black bear is lightly wounded.
A bullfrog skeleton comes into view.
You block the black bear's attack.
The black bear claws you but does no damage.
The black bear claws you.
You hit the black bear.
The black bear is moderately wounded.
The black bear bites you!
The black bear claws you but does no damage.
The black bear claws you.
You hit the black bear. You claw the black bear.
The black bear is heavily wounded.
Your transformation is almost over.
The black bear barely misses you. You block the black bear's attack. x2
You closely miss the black bear. You headbutt the black bear.
The black bear is severely wounded.
The black bear bites you but does no damage.
The black bear claws you but does no damage.
The black bear claws you. The bullfrog skeleton hits you.
The black bear goes berserk!
Your magical contamination has completely faded away.
You puncture the black bear!
The black bear is almost dead.
The bullfrog skeleton hits you but does no damage.
The black bear bites you!
* * * LOW HITPOINT WARNING * * *
The black bear claws you but does no damage. x2
The bullfrog skeleton hits you but does no damage.
You hit the black bear but do no damage.
You claw the black bear.
The black bear is almost dead.
The black bear barely misses you. The black bear claws you.
* * * LOW HITPOINT WARNING * * *
You block the black bear's attack.
You block the bullfrog skeleton's attack.
The black bear bites you!
You die...

# .# #.##
#########.$.##
......Z......##
#....h@.......
##.###........
#?......#
##...(.##
#...## ##.# .#
#


You could see a black bear (berserk) and a bullfrog skeleton.

Vanquished Creatures
  A gnoll (D:1)
  3 adders (D:2)
  A worm (D:2)
  A dart slug (D:2)
  2 ball pythons (D:1)
  2 bats (D:1)
  2 endoplasms (D:1)
  4 giant cockroaches
  2 goblins (D:2)
  A hobgoblin (D:1)
  5 kobolds
  4 frilled lizards
  3 rats
31 creatures vanquished.

Notes
Turn   | Place    | Note
-------+----------+-------------------------------------------
     0 | D:1      | porpoise the Demonspawn Transmuter began the quest for the
                  | Orb.
     0 | D:1      | Reached XP level 1. HP: 15/15 MP: 3/3
   421 | D:1      | Gained mutation: A meltable shield of frost defends you.
                  | (SH +4) [demonic ancestry]
   421 | D:1      | Reached XP level 2. HP: 21/21 MP: 5/5
   515 | D:1      | Found a faded altar of an unknown god.
   566 | D:1      | Reached skill level 3 in Unarmed Combat
   978 | D:1      | Reached skill level 1 in Stealth
  1104 | D:1      | Reached XP level 3. HP: 27/27 MP: 6/6
  1159 | D:2      | Found Rihuenep's Distillery.
  1681 | D:2      | Found a broken altar of Ashenzari.
  2058 | D:2      | Reached XP level 4. HP: 30/34 MP: 7/7
  2313 | D:3      | You fall into a shaft and drop 3 floors!
  2313 | D:6      | Noticed a black bear
  2323 | D:6      | Slain by a black bear

Illustrated notes

Levels and vault maps discovered:
D:1:      minmay_arrival_solitary_statue, layout_basic,
          hellmonk_ecumenical_altar_arch_garden
D:2:      layout_basic, serial_shops, shop, basic_altar
D:3:      layout_loops_ring, mainiacjoe_overflow_concentric_impassable,
          grunt_temple_overflow_open, fountainhead, uniq_crazy_yiuf_cottage
D:6:      layout_loops_ring, minmay_temple_entry_proselytizer, serial_shops,
          nicolae_stop_n_shop_1, grunt_tough_drop

Skill      XL: |  1  2 |
---------------+-------+-----
Unarmed Combat | 3 |  3.5
Fighting       | 2 |  2.5
Stealth        | 1 |  1.3
Dodging        | |  1.7
Spellcasting   | |  2.0
Transmutations | |  1.7

Action                   |  1- 3 |  4- 6 || total
-------------------------+-------+-------++-------
Melee: Unarmed           |    16 |       ||    16
       Kick              |     4 |     3 ||     7
       Headbutt          |     3 |     2 ||     5
       Short sword       |    82 |     7 ||    89
       Punch             |     2 |       ||     2
 Fire: Hunting sling     |     8 |     2 ||    10
 Cast: Beastly Appendage |     4 |     1 ||     5
Armor: Ring mail         |    35 |    10 ||    45
       Robe              |     1 |       ||     1
Dodge: Dodged            |    45 |     7 ||    52
Block: Other             |    12 |     7 ||    19

Table legend: (Time is in decaauts)
 A = Elapsed time spent in this place.
 B = Non-inter-level travel time spent in this place.
 C = Inter-level travel time spent in this place.
 D = Time resting spent in this place.
 E = Time spent auto-exploring this place.
 F = Levels seen in this place.
 G = Mean time per level.
                   A        B        C        D        E       F      G
               +--------+--------+--------+--------+--------+-----+--------+
         Total |   2324 |   2263 |     61 |    616 |   1310 |   4 |  581.0 |
       Dungeon |   2324 |   2263 |     61 |    616 |   1310 |   4 |  581.0 |
               +--------+--------+--------+--------+--------+-----+--------+

Top non-repeatable levels by time:
     D:1: 1146 daAuts
     D:2: 1081 daAuts
     D:3: 87 daAuts
     D:6: 9 daAuts
